 Dungeon Crawl Stone Soup version 0.31-a0-835-g2a3a5bc3be (webtiles) character file.

Game seed: 1648189274658745275

18382 Ijustatesigmund the Thaumaturge (level 12, -1/67 HPs)
             Began as a Deep Elf Fire Elementalist on Sept 26, 2023.
             Was an Elder of Vehumet.
             Slain by a tengu warrior
             ... wielding a +1 great mace
              (15 damage)
             ... on level 13 of the Dungeon.
             The game lasted 00:38:42 (16304 turns).

Ijustatesigmund the Thaumaturge (DEFE)             Turns: 16304, Time: 00:38:44

Health: -1/67      AC: 11    Str:  5    XL:     12   Next: 27%
Magic:  12/31      EV: 13    Int: 26    God:    Vehumet [****..]
Gold:   1284       SH:  5    Dex: 21    Spells: 18/37 levels left

rFire   . . .        n - +3 orcbow (flame)
rCold   . . .        (shield currently unavailable)
rNeg    . . .        L - +0 acid dragon scales
rPois   .            O - +0 helmet
rElec   .            (no cloak)
rCorr   +            t - +1 pair of gloves
SInv    .            d - +1 pair of boots
Will    +....        q - amulet of reflection
Stlth   ++           p - +6 ring of dexterity
HPRegen 0.31/turn    K - ring of flight
MPRegen 0.22/turn

%: reflection
@: lethally poisoned (-1 -> -12), flying, slowed, very slow
A: no striking features
a: Renounce Religion


You were on level 13 of the Dungeon.
You worshipped Vehumet.
Vehumet was greatly pleased with you.
You visited 2 branches of the dungeon, and saw 14 of its levels.

You collected 1284 gold pieces.

Inventory:

Hand Weapons
 f - a +3 short sword of protection
 n - a +3 orcbow of flaming (weapon)
 E - the +8 dagger of Annihilation {vamp, Fly Will+ Stlth+}
   (You found it on level 7 of the Dungeon)

   Will+:     It increases your willpower.
   Fly:       It grants you flight.
   Stlth+:    It makes you more stealthy.
 N - the +3 shortbow of Suofew {speed, rElec rCorr}
   (You found it on level 12 of the Dungeon)

   rElec:     It insulates you from electricity.
   rCorr:     It protects you from acid and corrosion.
Missiles
 g - 2 throwing nets
Armour
 a - +0 steam dragon scales
 d - a +1 pair of boots (worn)
 t - a +1 pair of gloves (worn)
 F - a +0 troll leather armour
 L - +0 acid dragon scales (worn)
 O - a +0 helmet (worn)
Jewellery
 p - a +6 ring of dexterity (left hand)
 q - an amulet of reflection (around neck)
 K - a ring of flight (right hand)
Wands
 w - a wand of charming (11)
 B - a wand of mindburst (11)
 D - a wand of quicksilver (15)
 G - a wand of roots (3)
 P - a wand of flame (12)
Scrolls
 c - 4 scrolls of fog
 e - 9 scrolls of teleportation
 h - 4 scrolls of amnesia
 i - a scroll of immolation
 l - a scroll of noise
 x - a scroll of revelation
 y - 2 scrolls of brand weapon
 J - a scroll of poison
Potions
 b - 3 potions of magic
 j - a potion of mutation
 k - 2 potions of brilliance
 m - 2 potions of enlightenment
 o - a potion of attraction
 r - 4 potions of curing
 s - a potion of ambrosia
 u - 2 potions of haste
 v - a potion of resistance
 z - a potion of lignification
 A - a potion of invisibility {unknown}
 I - a potion of cancellation {unknown}
Miscellaneous
 H - a lightning rod (3/4)


   Skills:
 - Level 4.5 Fighting
 - Level 2.1 Short Blades
 + Level 9.0 Ranged Weapons
 - Level 2.0 Armour
 - Level 4.4 Dodging
 - Level 2.4 Stealth
 + Level 13.4 Spellcasting
 - Level 8.4 Conjurations
 - Level 4.2 Translocations
 - Level 9.1 Fire Magic
 + Level 6.0 Ice Magic
 - Level 3.3 Air Magic
 - Level 3.0 Poison Magic
 - Level 5.4 Evocations


You had 18 spell levels left.
You knew the following spells:

 Your Spells              Type           Power      Damage    Failure   Level
a - Foxfire               Conj/Fire      100%       2x1d9     1%          1
b - Scorch                Fire           100%       2d9       1%          2
c - Flame Wave            Conj/Fire      58%        2d14      1%          4
d - Poisonous Vapours     Pois/Air       68%        N/A       1%          2
e - Mephitic Cloud        Conj/Pois/Air  43%        N/A       1%          3
f - Iskenderun's Mystic   Conj/Tloc      50%        2d11      1%          4
g - Hailstorm             Conj/Ice       53%        3d12      1%          3

Your spell library contained the following spells:

 Spells                   Type           Power      Damage    Failure   Level
 Freeze                   Ice            100%       1d10      1%          1
 Magic Dart               Conj           100%       1d8       1%          1
 Frozen Ramparts          Ice            98%        1d15      1%          3
 Inner Flame              Hex/Fire       41%        N/A       1%          3
 Volatile Blastmotes      Fire/Tloc      100%       2d18      1%          3
 Gell's Gravitas          Tloc           39%        N/A       3%          3
 Teleport Other           Tloc           39%        N/A       3%          3
 Call Imp                 Summ           34%        N/A       11%         2
 Tukima's Dance           Hex            17%        N/A       21%         3
 Dimensional Bullseye     Hex/Tloc       14%        N/A       28%         4
 Dispersal                Tloc           19%        N/A       88%         6


Dungeon Overview and Level Annotations

Branches:
Dungeon (13/15)            Temple (1/1) D:4            Lair (0/5) D:11
    Orc (0/2) D:12
 Vaults: D:13-14

Altars:
Ashenzari
Cheibriados
Dithmenos
Elyvilon
Fedhas
Gozag
Hepliaklqana
Kikubaaqudgha
Makhleb
Nemelex Xobeh
Okawaru
Qazlal
Ru
Sif Muna
Trog
Uskayaw
Vehumet
Wu Jian
Xom
Yredelemnul
Zin
The Shining One

Shops:
D:3 *   D:4 (   D:12 [

Annotations:
D:9 5 transporters


Message History

Vehumet accepts your kill.
You feel your power returning.
You shoot an arrow. The arrow hits the tengu warrior!
The arrow burns the tengu warrior.
The tengu warrior is lightly wounded.
The orc closely misses you.
The tengu warrior hits you with a +1 great mace.
You block the tengu warrior's attack.
The tengu warrior claws you but does no damage.
Casting: Iskenderun's Mystic Blast (dangerous; 1% risk of failure)
Confirm with . or Enter, or press ? or * to list all spells.
You erupt in a blast of force!
The mystic blast hits the orc wizard!!
You kill the orc wizard!
Vehumet accepts your kill.
You feel your power returning.
The mystic blast hits the orc!
You kill the orc!
Vehumet accepts your kill.
You feel your power returning.
The mystic blast hits the tengu warrior!!
The tengu warrior is heavily wounded.
The tengu warrior is knocked back by the mystic blast.
There is a stone staircase leading up, spattered with blood here.
Things that are here:
a +0 flail; a +0 leather armour of positive energy
Casting: Iskenderun's Mystic Blast (dangerous; 1% risk of failure)
Confirm with . or Enter, or press ? or * to list all spells.
You erupt in a blast of force!
The mystic blast hits the tengu warrior.
The tengu warrior is heavily wounded.
The tengu warrior barely misses you.
The tengu warrior pecks you but does no damage.
The tengu warrior claws you but does no damage.
The kobold brigand throws a curare-tipped dart.
The curare-tipped dart hits you.
You are poisoned.
You have difficulty breathing.
* * * LOW HITPOINT WARNING * * *
You feel yourself slow down.
The tengu warrior hits you with a +1 great mace!
You die...

# ##. #. #..........
##.# ###.##..........
#..# #.#.#...........
#..#####.#..=.........
#...#.#........!......
#..##.##..............
#....#.##...).).......
#..###......)!@Q......
#....#................
#.....................
#.....................
#........K............
#...................?.
#.....................
#.....................
#<.................


You could see a tengu warrior and a kobold brigand.

Vanquished Creatures
  2 two-headed ogres (D:12)
  3 boulder beetles
  A deep elf pyromancer (D:7)
  2 manticores
  A cyclops (D:12)
  Joseph (D:7)
  A gargoyle (D:10)
  A kobold demonologist (D:12)
  Jeremiah (D:7)
  3 trolls
  Sigmund (D:6)
  4 slime creatures
  A shadow (D:10)
  26 yaks
  Eustachio (D:5)
  3 wraiths
  A wyvern (D:10)
  3 steam dragons
  3 water moccasins
  4 acid dragons
  5 wargs
  4 orc warriors
  3 ice beasts
  3 black bears
  3 sky beasts
  5 ogres
  8 centaurs
  5 kobold brigands
  2 gnoll sergeants
  2 bullfrogs
  4 scorpions
  A wight (D:8)
  3 killer bees (D:8)
  2 howler monkeys
  A lava snake (D:11)
  7 jellies
  6 hounds
  5 orc priests
  A gnoll bouda (D:6)
  6 iguanas
  Jessica (D:3)
  17 orc wizards
  4 sleepcaps
  14 gnolls
  8 adders
  5 shadow imps
  3 white imps
  An ufetubus (D:5)
  2 worms (D:2)
  2 dart slugs
  51 orcs
  11 endoplasms
  3 giant cockroaches
  4 goblins
  8 hobgoblins
  5 jackals
  A quokka (D:4)
  2 ball pythons (D:2)
  8 bats
  3 frilled lizards
  14 kobolds
  4 rats
  A spectral hobgoblin (D:4)
311 creatures vanquished.

Vanquished Creatures (others)
  289 foxfires
289 creatures vanquished.

Grand Total: 600 creatures vanquished

Notes
Turn   | Place    | Note
-------+----------+-------------------------------------------
     0 | D:1      | Ijustatesigmund the Deep Elf Fire Elementalist began the
                  | quest for the Orb.
     0 | D:1      | Reached XP level 1. HP: 10/10 MP: 6/6
   422 | D:1      | Reached XP level 2. HP: 16/16 MP: 5/8
   493 | D:1      | Learned a level 2 spell: Scorch
  1310 | D:2      | Reached skill level 1 in Fighting
  1310 | D:2      | Reached XP level 3. HP: 20/20 MP: 2/10
  1818 | D:2      | Reached XP level 4. HP: 25/25 MP: 8/11
  1823 | D:2      | Learned a level 4 spell: Flame Wave
  1868 | D:2      | Reached skill level 4 in Spellcasting
  2201 | D:2      | Found a faded altar of an unknown god.
  2611 | D:3      | Found Zin's Purification Station.
  2614 | D:3      | Found a glowing silver altar of Zin.
  2643 | D:3      | Noticed Jessica
  2646 | D:3      | Killed Jessica
  2835 | D:3      | Found a shadowy altar of Dithmenos.
  3503 | D:4      | Found Heb Jokhlie's Weapon Boutique.
  3505 | D:4      | Found a hide-covered altar of Uskayaw.
  3602 | D:4      | Found a hazy altar of Hepliaklqana.
  3716 | D:4      | Reached XP level 5. HP: 29/29 MP: 8/13
  3726 | D:4      | Reached skill level 1 in Short Blades
  3981 | D:4      | Found a staircase to the Ecumenical Temple.
  3990 | Temple   | Entered the Ecumenical Temple
  3998 | Temple   | Became a worshipper of Vehumet
  4029 | D:4      | Reached skill level 5 in Spellcasting
  4029 | D:4      | Reached XP level 6. HP: 33/34 MP: 6/15
  4090 | D:4      | Found a shimmering blue altar of Sif Muna.
  4549 | D:5      | Entered Level 5 of the Dungeon
  4673 | D:5      | Noticed Eustachio
  4679 | D:5      | Killed Eustachio
  4680 | D:5      | Reached skill level 5 in Fire Magic
  4680 | D:5      | Reached XP level 7. HP: 32/38 MP: 8/17
  4817 | D:5      | Reached skill level 6 in Spellcasting
  5236 | D:5      | Reached skill level 5 in Conjurations
  5492 | D:5      | Reached * piety under Vehumet
  5492 | D:5      | Offered knowledge of Shock by Vehumet.
  5539 | D:5      | Reached skill level 7 in Spellcasting
  5539 | D:5      | Reached XP level 8. HP: 43/43 MP: 18/20
  6190 | D:6      | Noticed Sigmund
  6198 | D:6      | Killed Sigmund
  6364 | D:6      | Reached skill level 1 in Ranged Weapons
  6371 | D:6      | Reached skill level 8 in Spellcasting
  6522 | D:6      | Found a bloodstained altar of Trog.
  6904 | D:6      | Reached XP level 9. HP: 46/48 MP: 12/23
  7003 | D:6      | Offered knowledge of Momentum Strike by Vehumet.
  7026 | D:6      | Reached ** piety under Vehumet
  7275 | D:6      | Reached skill level 9 in Spellcasting
  7447 | D:7      | Reached skill level 5 in Ranged Weapons
  7832 | D:7      | Offered knowledge of Poisonous Vapours by Vehumet.
  7836 | D:7      | Learned a level 2 spell: Poisonous Vapours
  7856 | D:7      | Noticed a boulder beetle
  8103 | D:7      | Found a glowing silver altar of Zin.
  8104 | D:7      | Found a shimmering altar of Xom.
  8104 | D:7      | Noticed Joseph
  8116 | D:7      | Killed Joseph
  8117 | D:7      | Reached skill level 1 in Poison Magic
  8117 | D:7      | Found a shimmering blue altar of Sif Muna.
  8117 | D:7      | Found a radiant altar of Vehumet.
  8218 | D:7      | Noticed a deep elf pyromancer
  8224 | D:7      | Killed a deep elf pyromancer
  8225 | D:7      | Reached skill level 10 in Spellcasting
  8225 | D:7      | Reached XP level 10. HP: 43/52 MP: 16/26
  8315 | D:7      | Reached *** piety under Vehumet
  8316 | D:7      | Reached skill level 1 in Evocations
  8365 | D:7      | Identified the +8 dagger of Annihilation {vamp, Fly Will+
                  | Stlth+}
  8381 | D:7      | Noticed Jeremiah
  8402 | D:7      | Killed Jeremiah
  8796 | D:7      | Killed a boulder beetle
  9159 | D:7      | Found a sacrificial altar of Ru.
  9612 | D:8      | Offered knowledge of Mephitic Cloud by Vehumet.
  9649 | D:8      | Reached skill level 1 in Armour
  9684 | D:8      | Reached skill level 5 in Evocations
 10269 | D:9      | Learned a level 3 spell: Mephitic Cloud
 10459 | D:9      | Found a transporter.
 10462 | D:9      | Noticed a two-headed ogre
 10464 | D:9      | Found a transporter.
 10466 | D:9      | Noticed a centaur warrior
 10469 | D:9      | Noticed a centaur warrior
 10470 | D:9      | Reached **** piety under Vehumet
 10495 | D:9      | Found a transporter.
 10511 | D:9      | Found a transporter.
 10511 | D:9      | Found a transporter.
 10527 | D:9      | Learned a level 4 spell: Iskenderun's Mystic Blast
 10540 | D:9      | Reached XP level 11. HP: 52/62 MP: 24/27
 10599 | D:9      | Reached skill level 1 in Air Magic
 10622 | D:9      | Reached skill level 1 in Translocations
 10706 | D:9      | Offered knowledge of Hailstorm by Vehumet.
 10982 | D:10     | Entered Level 10 of the Dungeon
 11021 | D:10     | Reached skill level 11 in Spellcasting
 12206 | D:10     | Found a sparkling altar of Nemelex Xobeh.
 12680 | D:11     | Learned a level 3 spell: Hailstorm
 12751 | D:11     | Reached skill level 1 in Ice Magic
 12911 | D:11     | Found a staircase to the Lair.
 13251 | D:11     | Reached skill level 12 in Spellcasting
 13803 | D:11     | Noticed a boulder beetle
 13814 | D:11     | Killed a boulder beetle
 14101 | D:12     | Noticed a two-headed ogre
 14327 | D:12     | Killed a two-headed ogre
 14515 | D:12     | Found a staircase to the Orcish Mines.
 14516 | D:12     | Identified the +3 shortbow of Suofew {speed, rElec rCorr}
 14704 | D:12     | Found Toopnex's Antique Armour Shoppe.
 14712 | D:12     | Noticed a two-headed ogre
 14718 | D:12     | Killed a two-headed ogre
 14719 | D:12     | Reached skill level 5 in Ice Magic
 14719 | D:12     | Reached XP level 12. HP: 33/67 MP: 27/30
 15014 | D:12     | Reached skill level 13 in Spellcasting
 15123 | D:12     | Noticed a boulder beetle
 15150 | D:12     | Killed a boulder beetle
 16268 | D:13     | Noticed a tengu warrior
 16283 | D:13     | Noticed a centaur warrior
 16294 | D:13     | Noticed a tengu warrior
 16304 | D:13     | Slain by a tengu warrior

Illustrated notes

Levels and vault maps discovered:
D:1:      minmay_arrival_shattered_statue, layout_loops_cross,
          minmay_misc_feat_enclosed
D:2:      layout_loops_ring, chequers_ecumenical_altar_simple_redux,
          hangedman_decor_peaks_small, minivault_27, grunt_ministairs_1
D:3:      layout_basic, lemuel_doored_altar, zin_purify, uniq_jessica
D:4:      cheibrodos_helix_gallery, layout_rooms,
          nicolae_hepliaklqana_monster_ancestors,
          mainiacjoe_overflow_small_starburst, mainiacjoe_overflow_brackets,
          minmay_temple_entry_mist, serial_shops, nicolae_stop_n_shop_2
D:5:      layout_cave_pods, hangedman_abyss_or_decor_lesser_grid, uniq_eustachio
D:6:      minmay_polygon_palace, layout_loops_ring, lightli_temple_of_fire,
          uniq_sigmund
D:7:      minmay_the_grid_octo_tiled_squarecenter [minmay_the_grid_octo_shrine,
          minmay_the_grid_octo_fat_diamond, minmay_the_grid_octo_77,
          minmay_the_grid_octo_tetromino_candy,
          minmay_the_grid_square_5x5_megaprize_hollow,
          minmay_the_grid_square_5x5_almost_minimal,
          minmay_the_grid_square_5x5_two_walls_a,
          minmay_the_grid_square_5x5_lines,
          minmay_the_grid_square_5x5_one_wall], layout_cave_pools,
          mainiacjoe_overflow_surrounded_room, uniq_jeremiah, uniq_joseph
D:8:      minmay_octagon_keep, layout_cave_pools, reono_crystal_passage
D:9:      gammafunk_the_bubble [the_bubble_gammafunk_roulette],
          layout_irregular_city
D:10:     layout_basic, old_standard_altar, kennysheep_generic_room_4
D:11:     layout_stronghold, erik_lair_orcish_takeover, kennysheep_cross_room
D:12:     lemuel_flame_loot_2, layout_loops_ring, minmay_orc_entry_guard_dogs,
          serial_shops, nicolae_square_shop
D:13:     layout_big_octagon
Temple:   nicolae_temple_two_arcs

Skill      XL: |  1  2  3  4  5  6  7  8  9 10 11 12 |
---------------+-------------------------------------+-----
Fighting       | 1 4 |  4.5
Conjurations   | 2 3 4 5 6 8 |  8.4
Spellcasting   | 4 5 7 8 10 12 13 | 13.4
Fire Magic     | 4 5 6 7 8 9 |  9.1
Short Blades   | 1 2 |  2.1
Dodging        | 3 4 |  4.4
Ranged Weapons | 3 5 8 9 |  9.0
Poison Magic   | 2 3 |  3.0
Evocations     | 5 |  5.4
Armour         | 2 |  2.0
Air Magic      | 3 |  3.3
Translocations | 4 |  4.2
Ice Magic      | 5 6 |  6.0
Stealth        | |  2.4

Action                     |  1- 3 |  4- 6 |  7- 9 | 10-12 || total
---------------------------+-------+-------+-------+-------++-------
  Melee: Dagger            |     2 |       |       |       ||     2
         Short sword       |       |     6 |     5 |       ||    11
   Fire: Orcbow            |       |       |   114 |   313 ||   427
   Cast: Foxfire           |    45 |    79 |    55 |     1 ||   180
         Scorch            |    22 |    23 |    39 |    55 ||   139
         Flame Wave        |       |     1 |    16 |    36 ||    53
         Poisonous Vapours |       |       |     5 |     7 ||    12
         Mephitic Cloud    |       |       |       |     1 ||     1
         Iskenderun's Myst |       |       |       |    25 ||    25
         Hailstorm         |       |       |       |     1 ||     1
  Evoke: Wand              |       |       |     1 |     3 ||     4
         Lightning rod     |       |       |       |     2 ||     2
    Use: Scroll            |       |    10 |     5 |    13 ||    28
         Potion            |       |       |     1 |     2 ||     3
 Armour: Robe              |     9 |    25 |    60 |     8 ||   102
         Troll leather arm |       |       |       |    21 ||    21
         Steam dragon scal |       |       |       |    31 ||    31
         Acid dragon scale |       |       |       |   108 ||   108
  Dodge: Dodged            |    20 |    16 |    52 |   150 ||   238
  Block: Other             |       |       |    15 |    51 ||    66
         Reflection        |       |       |     1 |    10 ||    11

Table legend: (Time is in decaauts)
 A = Elapsed time spent in this place.
 B = Non-inter-level travel time spent in this place.
 C = Inter-level travel time spent in this place.
 D = Time resting spent in this place.
 E = Time spent auto-exploring this place.
 F = Levels seen in this place.
 G = Mean time per level.
                   A        B        C        D        E       F      G
               +--------+--------+--------+--------+--------+-----+--------+
         Total |  16447 |  16116 |    331 |   5050 |   8794 |  14 | 1174.8 |
       Dungeon |  16430 |  16108 |    322 |   5050 |   8794 |  13 | 1263.8 |
        Temple |     16 |      8 |      8 |      0 |      0 |   1 |   16.0 |
               +--------+--------+--------+--------+--------+-----+--------+

Top non-repeatable levels by time:
    D:12: 1946 daAuts
    D:11: 1741 daAuts
     D:7: 1674 daAuts
    D:10: 1620 daAuts
     D:6: 1556 daAuts
     D:5: 1530 daAuts
     D:2: 1467 daAuts
     D:1: 1127 daAuts
     D:4: 1073 daAuts
     D:9: 934 daAuts
     D:3: 867 daAuts
     D:8: 800 daAuts
    D:13: 90 daAuts
  Temple: 16 daAuts
